Workbook

Sheet BS & PL
A2: XXXXXXXXXXXXX INTERNATIONAL LLP | H2: LLPIN:- | K2: AAT-
A3: Balance Sheet as at 31.03.2021 | C3: 31.03.2022
A4: (in `)
A6: Particulars | F6: Note No. | H6: Figures as at the end of current reporting period on 31.03.2022 | K6: Figures as at the end of previous reporting period on 31.03.2021
A9: 1 | F9: 2 | H9: 3 | K9: 4
A11: I. CONTRIBUTION & LIABILITY
A12: (1) Partners Fund
A13: (a) Contribution | H13: 100000 | K13: 100000
A14: (b) Reserves and surplus | H14: 0 | K14: 0
A17: (2) Liabilities
A19: Secured Loan
A20: a) Unsecured Loan | H20: 101 | K20: 101
A21: b) Sundry Creditors / Trade payable | G21: 1 | H21: =+'1-2'!D9 -> 697089 | K21: =+'1-2'!E9 -> 324847
A22: c) Other liabilities and Provisons | G22: 2 | H22: =+'1-2'!D17 -> 70374 | K22: =+'1-2'!E17 -> 39577.18
A23: d) Partner's Current Account cr. Balance | H23: =+'1-2'!D84 -> 282506.88 | K23: 0
A24: TOTAL | H24: =SUM(H13:J23) -> 1150070.9 | K24: =SUM(K13:K22) -> 464525.18
A26: II. ASSETS
A27: (a)Fixed assets | G27: 3 | H27: =+'fixed assets'!N8 -> 63296.992 | K27: 14711.55
A28: (b) Inventories | G28: 4 | H28: =+'1-2'!D96 -> 275472 | K28: 0
A29: (c) Trade receivables | G29: 5 | H29: =+'1-2'!D53 -> 0 | K29: =+'1-2'!E53 -> 0
A30: (d) Cash and cash equivalents | G30: 6 | H30: =+'1-2'!D61 -> 44174.89 | K30: =+'1-2'!E61 -> 21397.8
A31: (e) Short-term loans and advances | H31: 0 | K31: 0
A32: (f) Partner's Current Account Dr. Balance | G32: 7 | H32: 0 | K32: =-+'1-2'!E84 -> 66793.83
A34: TOTAL | H34: =SUM(H27:J33) -> 382943.88 | K34: =SUM(K27:K32) -> 102903.18
A36: The Notes referred to above are an integral part of Balance Sheet.
A37: Significant Accounting Policies as per report attached.
A38: As per our report of even date, | H38: For and on behalf of the Board,
A39: For XXXXXXXXXXXX & ASSOCIATES | H39: M/s XXXXXXXXXXXX International LLP
A40: Chartered Accountants
A44: CA
A45: Partner | H45: Designated Partner | K45: Designated Partner
A46: Membership No. | H46: DPIN No.: | K46: DPIN No.:
A47: Firm Reg. No.:-
A48: Place : Kanpur
A49: Date : 02/09/2022
A50: UDIN:
A51: PART II – STATEMENT OF PROFIT AND LOSS | H51: LLPIN:-
A52: =A2 -> XXXXXXXXXXXXX INTERNATIONAL LLP
A53: Statement of Profit and loss for the year ended 31.03.2022
A54: (in `)
B56: Particulars | F56: Note No. | H56: =+H6 -> Figures as at the end of current reporting period on 31.03.2022 | K56: =+K6 -> Figures as at the end of previous reporting period on 31.03.2021
B58: 1 | F58: 2 | H58: 3 | K58: 4
B59: Income:
A60: I | B60: Gross Turnover | H60: 5606508.9 | K60: 682250.85
A61: II | B61: Direct Income | H61: 709.72 | K61: 0
B62: Closing Stock of Finished goods | H62: 275472 | K62: 0
A63: III | B63: Total Revenue (I + II) | H63: =SUM(H60:J62) -> 5882690.6 | K63: =+K60+K61 -> 682250.85
A65: IV | B65: Expenses:
B66: Opening Stock | H66: 0 | K66: 0
B67: Purchases | H67: 4355230.2 | K67: 464611.8
B68: Discount | H68: =231600+150000 -> 381600 | K68: 0
B69: Freight | H69: 100 | K69: 0
B70: Audit fees | H70: 5000 | K70: 5000
B71: Bank Charges | H71: 3887.2 | K71: 1191.2
B72: Charity & Donation | H72: 3200 | K72: 0
B73: Late fees | H73: 7750 | K73: 0
B74: Office Expenses | H74: 6068 | K74: 8600
B75: Printing & Stationery | H75: 12500 | K75: 1800
B76: Professional Fees | H76: 22200 | K76: 15000
B77: Salary to Staff | H77: =551500 -> 551500 | K77: 111000
B78: Sataff welfare Expenses | H78: 20485.18 | K78: 3965
B79: Telephone Expenses | H79: 13770 | K79: 4948.92
B80: Electricity Expenses | H80: 36000 | K80: 0
B81: Rent Paid | H81: 84000 | K81: 42000
B82: Depreciation | H82: 7836.7 | K82: 1192.83
B83: Interest to Partners | H83: 0 | K83: 20672
B84: Remuneration to partners | H84: 312937 | K84: 0
B86: Total expenses | H86: =SUM(H67:J84) -> 5824064.3 | K86: =SUM(K66:K84) -> 679981.75
A88: V | B88: Profit for the year | H88: =+H63-H86 -> 58626.31 | K88: =+K63-K86 -> 2269.1
A89: VI | B89: Provision for tax | H89: =ROUND(H88*30%,0) -> 17588 | K89: 690
B90: Profit after tax | H90: =+H88-H89 -> 41038.31 | K90: =+K88 -> 2269.1 | L90: =+H90-H89 -> 23450.31
B91: Profit transferred to Partners current account | H91: =+H90 -> 41038.31 | K91: =+K90 -> 2269.1
A92: The Notes referred to above are an integral part of Balance Sheet. | M92: =+H91/2 -> 20519.155
A93: Significant Accounting Policies as per report attached.
A94: As per our report of even date, | H94: For and on behalf of the Board,
A95: For XXXXXXXXXXXXX& ASSOCIATES | H95: M/s XXXXXXXXXXXXXXXXInternational LLP
A96: Chartered Accountants
A101: Partner | H101: Designated partner | K101: Designated partner
A102: Membership No. | H102: DIN No.: | K102: DIN No.:
A103: Firm Reg. No.:-
A104: Place : Kanpur
A105: Date : 02/09/2022

Sheet 1-2
A1: ='BS & PL'!A2 -> XXXXXXXXXXXXX INTERNATIONAL LLP
A2: Notes on Accounts for the year ended 31/03/2017
A3: Note No-1 Trade payables
D4: =+D20 -> Amount as at 31.03.2022 | E4: =+E12 -> Amount as at 31.03.2021
A5: K.B. & Sons | D5: 35153
A6: Sheela Marbles | D6: 21922
A7: Surendra Hardware & Paint Stores | D7: 221204
A8: Gracia colors Private limited | D8: 418810 | E8: 324847
A9: TOTAL | D9: =SUM(D5:D8) -> 697089 | E9: =+SUM(E8:E8) -> 324847
A11: Note No-2 Other Current Liabilities & Provisions
D12: =+D20 -> Amount as at 31.03.2022 | E12: =+E20 -> Amount as at 31.03.2021
A13: (1)Audit fees payable | D13: 5000 | E13: 5000
A14: (2) GSTPayable | D14: 47096 | E14: 33887.18
A15: (3)Income tax payable | D15: ='BS & PL'!H89 -> 17588 | E15: 690
A16: (4)Income tax paid by Amit agarwal | D16: 690
A17: TOTAL | D17: =SUM(D13:D16) -> 70374 | E17: =+SUM(E13:E16) -> 39577.18
A19: Note No-5 Trade Receivables
D20: =+D56 -> Amount as at 31.03.2022 | E20: =+E56 -> Amount as at 31.03.2021
D52: 0 | E52: 0
A53: TOTAL | D53: =SUM(D21:D52) -> 0 | E53: =+SUM(E21:E52) -> 0 | F53: =+E53-361622 -> -361622
A55: Note No-6 Cash & Bank Balances
D56: =+D64 -> Amount as at 31.03.2022 | E56: =+E64 -> Amount as at 31.03.2021
A57: Cash & Cash Equivalents
A58: (a) Balances with Banks | D58: 36616.89 | E58: 6996.8
A59: (b) Cash in Hand | D59: 7558 | E59: 14401
A61: TOTAL | D61: =+SUM(D58:D60) -> 44174.89 | E61: =+SUM(E58:E60) -> 21397.8
A63: Note No-7 Other Current Assets
D64: =+D90 -> Amount as at 31.03.2022 | E64: =+E90 -> Amount as at 31.03.2021
A65: Partners Current Account
A67: Opening balance as on 31.03.2021 | D67: -27021.26
A68: Add:- Addition | D68: 395802 | E68: 10949.3
A69: Add:- Partners Interest | D69: 0 | E69: 11240
A70: Add:- Partner's remuneration | D70: 0 | E70: 0
A71: Add:- Profit Transferred | D71: =+'BS & PL'!H91/2 -> 20519.155 | E71: 789.43
A72: Less:- Drawings | D72: 360000 | E72: 50000
A73: Closing as on 31.03.2022 (Dr.) | D73: =+D67+D68+D71-D72+D69+D70 -> 29299.895 | E73: =+E67+E68+E71-E72+E69+E70 -> -27021.27
A76: Opening balance as on 31.03.2021 | D76: -39772.57 | E76: 0
A77: Add:- Addition | D77: 62506 | E77: 9438
A78: Add:- Partners Interest | D78: 0 | E78: 0
A79: Add:- Partner's remuneration | D79: =+'BS & PL'!H84 -> 312937 | E79: 789.44
A80: Add:- Profit Transferred | D80: =+D71 -> 20519.155 | E80: 0
A81: Less:- Drawings | D81: 102982.6 | E81: 50000
A82: Closing as on 31.03.2022(Dr.) | D82: =+D76+D77+D80-D81+D78+D79 -> 253206.98 | E82: =+E76+E77+E80-E81+E78+E79 -> -39772.56
A84: TOTAL | D84: =+D73+D82 -> 282506.88 | E84: =+E73+E82 -> -66793.83
A89: Note No-4 Inventories
D90: Amount as at 31.03.2022 | E90: Amount as at 31.03.2021
A92: Inventories
A93: (a) Closing Stock | D93: 275472 | E93: 0
D94: 0 | E94: 0
A96: TOTAL | D96: =+SUM(D93:D95) -> 275472 | E96: =+SUM(E93:E95) -> 0

Sheet fixed assets
A1: Note No-3 Fixed Assets
A2: Particulars | G2: Dep. Rate | H2: Opening Balance | I2: Addition | K2: Sale During year | L2: Total | M2: Depreciation | N2: Closing Balance
I3: More Than 180 Days | J3: Less Than 180 Days
A4: A.C. | G4: 0.15 | I4: 18644.07 | J4: 24218.75 | L4: =SUM(H4:K4) -> 42862.82 | M4: =(I4+H4)*G4+J4*G4/2 -> 4613.0167 | N4: =+L4-M4 -> 38249.803
A5: Battery | G5: 0.15 | H5: 10478.51 | I5: 0 | J5: 0 | K5: 0 | L5: =SUM(H5:K5) -> 10478.51 | M5: =(I5+H5)*G5+J5*G5/2 -> 1571.7765 | N5: =+L5-M5 -> 8906.7335
A6: Invertor | G6: 0.15 | H6: 4233.04 | I6: 0 | J6: 0 | K6: 0 | L6: =SUM(H6:K6) -> 4233.04 | M6: =(I6+H6)*G6+J6*G6/2 -> 634.956 | N6: =+L6-M6 -> 3598.084
A7: Television | G7: 0.15 | J7: 13559.32 | L7: =SUM(H7:K7) -> 13559.32 | M7: =(I7+H7)*G7+J7*G7/2 -> 1016.949 | N7: =+L7-M7 -> 12542.371
A8: TOTAL | H8: =SUM(H4:H7) -> 14711.55 | I8: =SUM(I4:I7) -> 18644.07 | J8: =SUM(J4:J7) -> 37778.07 | K8: =SUM(K4:K7) -> 0 | L8: =SUM(L4:L7) -> 71133.69 | M8: =SUM(M4:M7) -> 7836.6982 | N8: =SUM(N4:N7) -> 63296.992

Sheet Sheet1
C3: Actual | D3: Allowed
B4: Book Profit | C4: 405650 | D4: =+C4 -> 405650
B5: Less: Interest paid to partners | C5: 0 | D5: =+C5 -> 0
B6: Less: Remuneration paid to partners | C6: 350000 | D6: =IF((C4-C5)>300000,(C4-C5-300000)*60%+270000,(C4-C5)*90%) -> 333390
B7: Net Profit | C7: =+C4-C5-C6 -> 55650 | D7: =+D4-D5-D6 -> 72260
B8: Tax | C8: =+C7*30.9% -> 17195.85 | D8: =+D7*30.9% -> 22328.34
